 Dungeon Crawl Stone Soup version 0.19.0-11-g3fc08b3 (webtiles) character file.

79 Janus the Chopper (level 4, -2/38 HPs)
             Began as a Minotaur Gladiator on Nov 9, 2016.
             Was a Believer of Uskayaw.
             Slain by arthad's ghost (14 damage)
             ... on level 3 of the Dungeon.
             The game lasted 00:06:30 (1895 turns).

Janus the Chopper (Minotaur Gladiator)              Turns: 1895, Time: 00:06:31

Health: -2/38      AC:  5    Str: 20    XL:     4   Next: 16%
Magic:  3/3        EV: 12    Int:  7    God:    Uskayaw [**....]
Gold:   66         SH:  0    Dex: 11    Spells: 0 memorised, 3 levels left

rFire  + . .     SeeInvis .     a - +0 war axe
rCold  + . .     Gourm    .     b - +0 leather armour
rNeg   . . .     Faith    .     (no shield)
rPois  +         Spirit   .     c - +0 hat
rElec  +         Reflect  .     (no cloak)
rCorr  +         Harm     .     (no gloves)
MR     +....                    (no boots)
Stlth  +.........               (no amulet)
                                (no ring)
                                (no ring)

@: resistant
A: retaliatory headbutt, horns 2, slimy green scales 1, clever 1, magic
resistance 1
a: Stomp, Line Pass, Renounce Religion


You were on level 3 of the Dungeon.
You worshipped Uskayaw.
Uskayaw was noncommittal.
You were not hungry.

You visited 1 branch of the dungeon, and saw 3 of its levels.

You collected 66 gold pieces.

Inventory:

Hand Weapons
 a - a +0 war axe (weapon)
Missiles
 d - 3 throwing nets (quivered)
 j - 6 tomahawks
Armour
 b - a +0 leather armour (worn)
 c - a +0 hat (worn)
Scrolls
 g - 2 scrolls of remove curse {unknown}
 i - 2 scrolls of magic mapping {unknown}
 k - a scroll of noise {unknown}
 m - a scroll of recharging {unknown}
 n - a scroll of identify {unknown}
Comestibles
 f - 2 bread rations
 o - a meat ration


   Skills:
 + Level 3.1 Fighting
 + Level 4.3 Axes
 + Level 2.7 Throwing
 * Level 2.5 Armour
 - Level 3.2 Dodging
 + Level 0.2 Invocations


You had 3 spell levels left.
You didn't know any spells.

Dungeon Overview and Level Annotations

Branches:
Dungeon (3/15)

Altars:
Okawaru
Uskayaw

Annotations:
D:3 arthad's ghost, amateur GrFi


Innate Abilities, Weirdness & Mutations

You reflexively headbutt those who attack you in melee.
You have a pair of horns on your head.
You are partially covered in slimy green scales. (AC +2)
Your mind is acute. (Int +2)
You are resistant to hostile enchantments. (MR+)


Message History

You closely miss arthad's ghost. You headbutt arthad's ghost.
Arthad's ghost is almost destroyed.
Arthad's ghost barely misses you. You furiously retaliate!
You headbutt arthad's ghost, but do no damage.
Arthad's ghost hits you but does no damage.
You miss arthad's ghost.
Arthad's ghost is almost destroyed.
Arthad's ghost misses you. You furiously retaliate!
You headbutt arthad's ghost. You barely miss arthad's ghost.
Arthad's ghost is almost destroyed.
Arthad's ghost hits you.
You barely miss arthad's ghost.
Arthad's ghost is almost destroyed.
Arthad's ghost hits you!
You closely miss arthad's ghost. Your headbutt misses arthad's ghost.
Arthad's ghost is almost destroyed.
Arthad's ghost shrieks, "They lied to you.
The Dungeon just goes down and down forever."
Arthad's ghost hits you!
You die...

#.......#.........#.#.#.#
#.......######.#..#..<#.#
#.......# #.#..#####.##
#####..## #.#.........#
#..#######.#..#.######
########..........#...........
..........................>...
#.######.............#.######.
#.# #........@#####.# #.#
#..#######W..##.# #.######W.#
#.#.##.# ..........# #.# ...#
#.######.########.######## ..#
#.................. ..#
#..#######.....#####.
..######......#<........o...
......###.###.#W#...!.#####


You could see arthad's ghost.

Vanquished Creatures
  2 adders
  An ooze (D:1)
  A dart slug (D:1)
  A leopard gecko (D:2)
  An orc (D:2)
  2 giant cockroaches (D:1)
  6 goblins
  6 hobgoblins
  6 jackals (D:2)
  3 kobolds
  2 quokkas
  5 bats
  3 frilled lizards (D:1)
  11 rats
50 creatures vanquished.

Notes
Turn   | Place    | Note
-------+----------+-------------------------------------------
     0 | D:1      | Janus the Minotaur Gladiator began the quest for the Orb.
     0 | D:1      | Reached XP level 1. HP: 18/18 MP: 0/0
    95 | D:1      | Reached skill level 1 in Armour
   164 | D:1      | Reached XP level 2. HP: 25/25 MP: 1/1
   319 | D:1      | Reached skill level 4 in Axes
   616 | D:2      | Reached XP level 3. HP: 13/30 MP: 2/2
  1002 | D:2      | Found a hide-covered altar of Uskayaw.
  1003 | D:2      | Noticed a dagger
  1004 | D:2      | Noticed a hand axe
  1021 | D:2      | Became a worshipper of Uskayaw the Reveler
  1042 | D:2      | You fall through a shaft!
  1071 | D:3      | Reached * piety under Uskayaw
  1207 | D:3      | Noticed arthad's ghost (amateur GrFi)
  1311 | D:2      | Found an iron altar of Okawaru.
  1329 | D:2      | Reached XP level 4. HP: 38/38 MP: 3/3
  1882 | D:3      | Gained mutation: You are resistant to hostile enchantments. (MR+) [potion of mutation]
  1882 | D:3      | Gained mutation: You are partially covered in slimy green scales. (AC +2) [potion of mutation]
  1882 | D:3      | Gained mutation: Your mind is acute. (Int +2) [potion of mutation]
  1888 | D:3      | Reached ** piety under Uskayaw
  1895 | D:3      | Slain by arthad's ghost

Skill      XL: |  1  2  3 |
---------------+----------+-----
Armour         | 1 2 |  2.5
Axes           | 4 |  4.3
Fighting       | 3 |  3.1
Throwing       | |  2.7
Dodging        | |  3.2
Invocations    | |  0.2

Action                   |  1- 3 |  4- 6 || total
-------------------------+-------+-------++-------
Melee: War axe           |    77 |    38 ||   115
       Headbutt          |     8 |     4 ||    12
  Use: Potion            |       |     3 ||     3
  Eat: Chunk             |     1 |     2 ||     3
Armor: Leather armour    |    19 |    11 ||    30
Dodge: Dodged            |    83 |    29 ||   112
